 Dungeon Crawl Stone Soup version 0.32-a0-818-gb728d0252e (webtiles) character file.

Game seed: 9581889461483761888

1641979 whatisthis the Minotaur Porcupine (level 23, 239/239 HPs)
             Began as a Minotaur Gladiator on Mar 24, 2024.
             Was the Champion of Ru.
             Escaped with the Orb
             ... and 3 runes!
             The game lasted 03:17:14 (67441 turns).

whatisthis the Minotaur Porcupine (MiGl)           Turns: 67441, Time: 03:17:14

Health: 239/239    AC: 49    Str: 34    XL:     23   Next: 96%
Magic:  22/22      EV: 13    Int:  5    God:    Ru [******]
Gold:   4311       SH:  0    Dex: 12    Spells: 22/22 levels left

rFire   + + +        m - +5 glaive (heavy)
rCold   + + +        (shield currently unavailable)
rNeg    + . .        U - +12 gold dragon scales
rPois   +            u - +2 hat {SInv}
rElec   .            W - scarf {rC+ rF+}
rCorr   .            N - +2 pair of gloves {Dex+3}
SInv    +            j - +2 pair of boots {Fly}
Will    +....        L - amulet of Vitality {Regen++ RegenMP++} Stlth
                     T - ring "Mumibrel" {rF+ rC+ rN+ Dex-3}
HPRegen 2.19/turn    s - ring "Zucref" {EV+5 Str+6}
MPRegen 0.98/turn

%: no passive effects
@: flying, studying Ice Magic
A: horns 2, inability to use devices, inability to train dodging, no air magic,
no hexes magic, no necromancy magic, inexperienced 1, retaliatory headbutt, no
forms, clumsy 1
0: Orb of Zot
}: 3/15 runes: barnacled, silver, gossamer
a: Renounce Religion, Draw Out Power, Power Leap, Apocalypse


You escaped.
You worshipped Ru.
Ru was exalted by your worship.
You visited 9 branches of the dungeon, and saw 46 of its levels.
You also visited: Sewer and Gauntlet.

You collected 6803 gold pieces.
You spent 2492 gold pieces at shops.

Inventory:

Hand Weapons
 m - a +5 heavy glaive (weapon)
 R - the +7 trident "Isaelegh" {heavy, rC+ Will++ Str-5}
   (You found it on level 5 of the Lair of Beasts)

   Str-5:     It affects your strength (-5).
   rC+:       It protects you from cold.
   Will++:    It greatly increases your willpower.
Missiles
 e - 24 javelins
 g - 62 poisoned darts
 l - 11 throwing nets
 E - 65 boomerangs (quivered)
 M - 13 curare-tipped darts
 Q - 6 silver javelins
Armour
 j - a +2 pair of boots of flying (worn)
 u - a +2 hat of see invisible (worn)
 D - a +0 kite shield of poison resistance
 N - a +2 pair of gloves of dexterity (worn)
 O - the +1 cloak of a ziggurat {rElec Str+3}
   (You acquired it on level 14 of the Dungeon)

   Str+3:     It affects your strength (+3).
   rElec:     It insulates you from electricity.
 U - +12 gold dragon scales (worn)
 W - a scarf of resistance (worn)
Jewellery
 d - a ring of fire
 r - an amulet of reflection
 s - the ring "Zucref" (right hand) {EV+5 Str+6}
   (You found it on level 8 of the Dungeon)

   [ring of evasion]

   EV+5:      It affects your evasion (+5).
   Str+6:     It affects your strength (+6).
 L - the amulet of Vitality (around neck) {Regen++ RegenMP++}
   (You took it off an ironbound preserver on level 5 of the Vaults)

   [amulet of nothing]

   Regen++:   It increases your rate of health regeneration.
   RegenMP++: It increases your rate of magic regeneration.
 T - the ring "Mumibrel" (left hand) {rF+ rC+ rN+ Dex-3}
   (You acquired it on level 14 of the Dungeon)

   [ring of protection from fire]

   Dex-3:     It affects your dexterity (-3).
   rF+:       It protects you from fire.
   rC+:       It protects you from cold.
   rN+:       It protects you from negative energy.
Scrolls
 c - 3 scrolls of enchant armour
 h - 2 scrolls of revelation
 k - 7 scrolls of fog
 o - 12 scrolls of poison
 p - 27 scrolls of teleportation
 q - 10 scrolls of fear
 t - 5 scrolls of blinking
 w - 3 scrolls of amnesia
 y - 2 scrolls of silence
 C - 10 scrolls of immolation
 F - 3 scrolls of vulnerability
 G - a scroll of brand weapon
 H - 2 scrolls of butterflies
 S - a scroll of torment
 X - 23 scrolls of identify
Potions
 a - 3 potions of attraction
 b - 3 potions of berserk rage
 f - 4 potions of invisibility
 i - 25 potions of curing
 n - 8 potions of enlightenment
 v - 6 potions of might
 x - 10 potions of heal wounds
 z - 4 potions of cancellation
 A - 10 potions of brilliance
 B - 3 potions of haste
 J - 5 potions of resistance
 K - a potion of magic
 P - 4 potions of mutation
 V - 4 potions of ambrosia


   Skills:
 - Level 26.9 Fighting
 O Level 27 Polearms
 + Level 25.2 Throwing
 O Level 27 Armour


You had 22 spell levels left.
You didn't know any spells.
Your spell library contained the following spells:

 Spells                   Type           Power      Damage    Failure   Level
 Apportation              Tloc           0%         N/A       93%         1
 Foxfire                  Conj/Fire      0%         2x1d4     93%         1
 Freeze                   Ice            0%         1d3       93%         1
 Magic Dart               Conj           0%         1d3       93%         1
 Sandblast                Erth           0%         2d4       93%         1
 Sting                    Conj/Alch      0%         1d3       93%         1
 Blink                    Tloc           0%         N/A       98%         2
 Call Imp                 Summ           0%         N/A       98%         2
 Lesser Beckoning         Tloc           0%         N/A       98%         2
 Scorch                   Fire           0%         2d5       98%         2
 Searing Ray              Conj           0%         2d4       98%         2
 Gell's Gravitas          Tloc           0%         N/A       100%        3
 Hailstorm                Conj/Ice       0%         3d5       100%        3
 Ozocubu's Armour         Ice            0%         N/A       100%        3
 Stone Arrow              Conj/Erth      0%         3d7       100%        3
 Summon Ice Beast         Ice/Summ       0%         N/A       100%        3
 Teleport Other           Tloc           0%         N/A       100%        3
 Volatile Blastmotes      Fire/Tloc      0%         2d10      100%        3
 Animate Armour           Summ/Erth      0%         N/A       100%        4
 Brom's Barrelling Bould  Conj/Erth      0%         2d3       100%        4
 Flame Wave               Conj/Fire      0%         2d4       100%        4
 Fulminant Prism          Conj/Alch      0%         3d5       100%        4
 Ignite Poison            Fire/Alch      0%         N/A       100%        4
 Iskenderun's Mystic Bla  Conj/Tloc      0%         2d3       100%        4
 Leda's Liquefaction      Alch/Erth      0%         N/A       100%        4
 Manifold Assault         Tloc           0%         N/A       100%        4
 Olgreb's Toxic Radiance  Alch           0%         N/A       100%        4
 Petrify                  Alch/Erth      0%         N/A       100%        4
 Sticky Flame             Fire/Alch      0%         2d4       100%        4
 Alistair's Intoxication  Alch           0%         N/A       100%        5
 Fireball                 Conj/Fire      0%         3d3       100%        5
 Irradiate                Conj/Alch      0%         3d11      100%        5
 Iskenderun's Battlesphe  Conj           0%         2d6       100%        5
 Lee's Rapid Deconstruct  Erth           0%         3d4*      100%        5
 Summon Forest            Summ/Tloc      0%         N/A       100%        5
 Bombard                  Conj/Erth      0%         9d1       100%        6
 Dispersal                Tloc           0%         N/A       100%        6
 Eringya's Noxious Bog    Alch           0%         4d6       100%        6
 Permafrost Eruption      Ice/Erth       0%         2x4d2     100%        6
 Sculpt Simulacrum        Ice/Alch       0%         N/A       100%        6
 Starburst                Conj/Fire      0%         6d3       100%        6
 Summon Cactus Giant      Summ           0%         N/A       100%        6
 Monstrous Menagerie      Summ           0%         N/A       100%        7
 Orb of Destruction       Conj           0%         9d5       100%        7
 Ozocubu's Refrigeration  Ice            0%         4d7       100%        7
 Spellforged Servitor     Conj/Summ      0%         N/A       100%        7
 Summon Hydra             Summ           0%         N/A       100%        7
 Ignition                 Fire           0%         3d3       100%        8
 Lehudib's Crystal Spear  Conj/Erth      0%         10d2      100%        8
 Summon Horrible Things   Summ           0%         N/A       100%        8
 Polar Vortex             Ice            0%         N/A       100%        9
 Necrotise                Necr           Unusable   1d4       N/A         1
 Cigotuvi's Dreadful Rot  Necr/Alch/Air  Unusable   N/A       N/A         2
 Ensorcelled Hibernation  Hex/Ice        Unusable   N/A       N/A         2
 Jinxbite                 Hex            Unusable   N/A       N/A         2
 Mercury Vapours          Alch/Air       Unusable   N/A       N/A         2
 Static Discharge         Conj/Air       Unusable   3-3/arc   N/A         2
 Sublimation of Blood     Necr           Unusable   N/A       N/A         2
 Fugue of the Fallen      Necr           Unusable   N/A       N/A         3
 Tukima's Dance           Hex            Unusable   N/A       N/A         3
 Vampiric Draining        Necr           Unusable   2d6       N/A         3
 Airstrike                Air            Unusable   2d(0-16)  N/A         4
 Dimensional Bullseye     Hex/Tloc       Unusable   N/A       N/A         4
 Martyr's Knell           Necr/Summ      Unusable   N/A       N/A         4
 Summon Lightning Spire   Summ/Air       Unusable   N/A       N/A         4
 Borgnjor's Vile Clutch   Necr/Erth      Unusable   N/A       N/A         5
 Curse of Agony           Necr           Unusable   N/A       N/A         5
 Metabolic Englaciation   Hex/Ice        Unusable   N/A       N/A         5
 Summon Mana Viper        Hex/Summ       Unusable   N/A       N/A         5
 Conjure Ball Lightning   Conj/Air       Unusable   3x3d6     N/A         6
 Plasma Beam              Fire/Air       Unusable   2x1d10    N/A         6

Dungeon Overview and Level Annotations

Branches:
Dungeon (15/15)            Temple (0/1) D:7            Lair (5/5) D:9
 Shoals (4/4) Lair:3       Spider (4/4) Lair:2        Slime (0/5) Lair:5
    Orc (2/2) D:10            Elf (2/3) Orc:2        Vaults (5/5) D:14
  Crypt (0/3) Vaults:2     Depths (4/4) D:15            Zot (5/5) Depths:4
  Sewer (visited)         Gauntlet (visited)

Altars:
Ashenzari
Cheibriados
Dithmenos
Fedhas
Hepliaklqana
Kikubaaqudgha
Makhleb
Nemelex Xobeh
Qazlal
Ru
Trog
Uskayaw
Yredelemnul
Zin
The Shining One
Jiyva
Lugonu

Shops:
D:5 ==[?:   D:9 *   D:10 =   D:14 *   Orc:2 (!=*[*:[   Elf:1 [   Elf:2 !=::
Shoals:3 ***   Vaults:4 (   Depths:1 :

Portals:
Hell: Depths:1 Depths:2 Depths:3 Depths:4
Abyss: Shoals:3 Depths:2 Depths:3
Pandemonium: Orc:2
Ziggurat: Depths:1

Annotations:
D:2 1 runed translucent door, Crazy Yiuf
D:10 exclusion: orange crystal statue
Lair:1 3 runed translucent doors, Joejoil's ghost, journeyman DrSu; Xocasifu's ghost, journeyman CoGl
Lair:4 3 runed translucent doors, Krumphau's ghost, journeyman DjIE
Shoals:1 1 runed translucent door, hikkokomori's ghost, adept CoHu
Shoals:2 3 runed translucent doors, Jizeqel's ghost, journeyman OpCj; Mungiw's ghost, adept MiBe; Wano's ghost, adept FeSu; Xaxul's ghost, journeyman FeEE; Ycup's ghost, journeyman MiBe
Shoals:3 1 runed translucent door
Elf:2 3 runed translucent doors
Depths:2 2 transporters, exclusion: door


Innate Abilities, Weirdness & Mutations

You have a pair of horns on your head.
You cannot study or use magical devices.
You cannot train Dodging skill.
You cannot study or cast Air magic.
You cannot study or cast Hexes magic.
You cannot study or cast Necromancy magic.
You are somewhat inexperienced. (-1 XL)
You reflexively headbutt those who attack you in melee.
You cannot voluntarily change form.
You are clumsy. (Dex -2)


Message History

There is a stone staircase leading up here.
HP restored.
The hell hog begins to attack, but is stunned by your conviction!
The hell hog breathes fire at you.
The fireball explodes!
The fireball engulfs the hell hog.
The hell hog completely resists.
The fireball engulfs the hell hog.
The hell hog completely resists.
The fireball engulfs you. You resist.
You fly upwards.
There is a stone staircase leading down here.
You carve the hell hog like the proverbial ham!!!
The hell hog is almost dead.
The hell hog breathes fire at you.
The fireball explodes!
The fireball engulfs you. You resist.
The fireball engulfs the hell hog.
The hell hog completely resists.
The hell hog bites you but does no damage.
You closely miss the hell hog. You headbutt the hell hog!
You kill the hell hog!
Unknown command.
HP restored.
A ynoxinul comes into view.
You see here a hell hog corpse.
The ynoxinul moves out of view.
You feel yourself speed up.
You see here a +0 club.
A glowing orange brain comes into view.
You see here a +0 leather armour.
You see here a hobgoblin skeleton.
A great orb of eyes comes into view.
The great orb of eyes pulsates ominously.
The great orb of eyes gazes at you.
You are confused.
You feel better.
Your extra speed is starting to run out.
The great orb of eyes gazes at you.
Your mind is blasted!
You feel yourself slow down.
There is an open door here.
There is an open door here.
There is a staircase leading out of the dungeon here.
You have escaped!

#..⌠............#.###..
##...#.#######.#####...
####### #'## #..# ##'##
###.. ###.###....
##....#..... #####
##.##.....###
##...###..###...## #
#..@..##..#..#..## #
#.....#.#..###...###
##...##.#...###.....
#..#####..### ##....
#..####).## ##..#
##...#...# ###...
##....### ###..##.
#######'## #..#..#.
##...####'## ##..###..


There were no monsters in sight!

Vanquished Creatures
  A dread lich (Vaults:5)
  5 ancient liches
  3 orbs of fire
  Parghit (Zot:1)
  Sojobo (Vaults:1)
  8 Killer Klowns (Zot:5)
  4 curse toes
  Margery (Depths:1)
  13 golden dragons
  A bone dragon (Depths:4)
  The ghost of octoduck the Slayer, an adept DjFE of Makhleb (Spider:4)
  2 electric golems (Zot:5)
  Rupert (Orc:2)
  A hellephant (Depths:1)
  13 tentacled monstrosities
  Asterion (Spider:2)
  6 titans
  4 liches
  26 Orb Guardians
  6 quicksilver dragons
  A walking frostbound tome (Depths:4)
  Polyphemus (Shoals:2)
  An Executioner (D:12)
  Gastronok (D:10)
  5 tengu reavers
  12 death cobs
  6 sphinxes
  10 shadow dragons
  Donald (Orc:2)
  13 storm dragons
  3 protean progenitors
  5 fire giants
  6 draconian knights
  5 frost giants
  An iron dragon (Depths:3)
  4 deep elf sorcerers
  18 vault wardens
  4 draconian monks
  3 emperor scorpions
  2 draconian shifters
  3 draconian scorchers
  8 ghost moths
  A ghoul (Vaults:1)
  4 draconian stormcallers
  6 orc warlords
  2 draconian annihilators
  22 ironbound preservers
  18 very ugly things
  13 stone giants
  A spriggan defender (Depths:3)
  A broodmother (Spider:3)
  4 formless jellyfish
  6 green draconians
  4 ironbound thunderhulks
  A vampire knight (Depths:3)
  5 black draconians
  4 deep elf demonologists (Vaults:5)
  3 deep elf death magi
  7 purple draconians
  9 yellow draconians
  2 bunyips (Zot:3)
  A minotaur (Gauntlet)
  5 war gargoyles
  6 white draconians
  A dire elephant (Vaults:2)
  12 red draconians
  A spark wasp (shapeshifter) (Vaults:5)
  8 spark wasps
  3 deep elf annihilators
  Azrael (D:13)
  2 crystal guardians (Vaults:4)
  11 ettins
  8 merfolk javelineers
  An ettin (shapeshifter) (Vaults:5)
  5 entropy weavers
  3 deep elf high priests
  5 great orbs of eyes
  20 yaktaur captains
  11 merfolk impalers
  9 hydras
  7 ice dragons
  Harold (D:9)
  8 fire dragons
  A demonspawn (Orc:2)
  A rakshasa (Depths:2)
  3 ogre magi
  3 spriggan air magi
  36 vault guards
  A death knight (Vaults:2)
  7 radroaches
  2 peacekeepers (Vaults:4)
  9 merfolk aquamancers
  17 centaur warriors
  2 jorogumos (Zot:3)
  4 merfolk avatars
  5 boulder beetles
  6 ironbound frosthearts
  A sphinx skeleton (Depths:2)
  Erica (D:9)
  8 dancing weapons
  4 deep troll shamans
  3 catoblepae
  An alligator snapping turtle (Shoals:1)
  7 two-headed ogres
  A satyr (Shoals:3)
  A tengu warrior (Depths:1)
  A vampire mage (Depths:3)
  30 death yaks
  3 deep troll earth magi
  15 demonic crawlers
  3 occultists
  Urug (D:13)
  A hell hog (D:1)
  6 orc high priests
  5 spriggan berserkers
  3 hell knights
  A sun demon (Orc:2)
  Sonja (Lair:4)
  2 iron trolls
  7 deep elf knights
  A shadow wraith (Vaults:5)
  A fire crab (Lair:5)
  6 skysharks
  6 skeletal warriors
  A goliath frog (shapeshifter) (Vaults:3)
  A sixfirhy (D:9)
  3 pharaoh ants
  A flayed ghost (Depths:3)
  3 large abominations
  A sea snake (shapeshifter) (D:15)
  A deep troll (shapeshifter) (Vaults:3)
  8 arcanists
  10 orb spiders
  6 sea snakes
  3 glowing orange brains
  A sun moth (Spider:4)
  4 phantasmal warriors (Vaults:5)
  8 deep elf archers
  41 deep trolls
  An orb spider (shapeshifter) (Vaults:5)
  A swamp dragon (shapeshifter) (Vaults:5)
  17 ironbound convokers
  10 lindwurms
  Pikel (D:4)
  3 steelbarb worms
  10 deep elf zephyrmancers
  17 harpies
  22 deep elf pyromancers
  21 orc knights
  5 fauns
  3 necromancers
  3 cyclopes
  2 obsidian bats
  40 ugly things
  12 orc sorcerers
  13 wolf spiders
  A stone giant zombie (Depths:2)
  15 manticores
  An oklob plant (Lair:5)
  3 meliai (Spider:2)
  11 elephants
  2 apocalypse crabs (Shoals:3)
  10 water nymphs
  5 merfolk sirens
  25 moths of wrath
  7 black mambas
  4 kobold blastminers
  23 vault sentinels
  18 cane toads
  6 rime drakes
  A kobold demonologist (D:9)
  An unseen horror (D:12)
  9 torpor snails
  A tormentor (Depths:2)
  An efreet (D:14)
  3 freezing wraiths (Vaults:5)
  29 yaktaurs
  7 komodo dragons
  Psyche (D:9)
  2 ice devils
  A tengu conjurer (Depths:1)
  A yaktaur (shapeshifter) (Vaults:5)
  A merfolk (shapeshifter) (Vaults:5)
  6 trolls
  43 merfolk
  8 hornets
  Prince Ribbit (D:5)
  Grinder (D:4)
  A tengu simulacrum (Depths:2)
  8 polar bears
  13 tarantellas
  9 blink frogs
  13 wind drakes
  5 snapping turtles
  5 dream sheep
  15 jumping spiders
  2 glass eyes (Depths:3)
  2 raiju (shapeshifter)
  3 shadows
  A ynoxinul (Orc:2)
  2 culicivoras (shapeshifter)
  20 culicivoras
  2 spriggans
  3 vampires (D:14)
  45 slime creatures
  Sigmund (D:2)
  9 air elementals
  3 wraiths
  31 water elementals
  3 wyverns
  55 yaks
  8 basilisks
  6 wargs
  A steam dragon (D:7)
  2 fire elementals
  38 redbacks
  9 vampire mosquitoes
  Menkaure (D:5)
  Edmund (D:4)
  3 small abominations (Gauntlet)
  13 water moccasins
  Duvessa (D:7)
  3 hell hounds (D:13)
  30 orc warriors
  An ice beast (D:7)
  4 black bears
  10 ogres
  19 wolves
  11 centaurs
  5 kobold brigands
  A lemure (D:4)
  A weeping skull (D:4)
  7 bullfrogs
  A gnoll sergeant (D:6)
  6 scorpions
  A water moccasin zombie (D:4)
  4 wights (D:4)
  Dowan (D:7)
  16 killer bees (D:8)
  9 howler monkeys
  7 electric eels
  2 bombardier beetles
  A bullfrog zombie (D:4)
  A human zombie (D:4)
  3 hounds
  A jelly (D:5)
  28 orc priests
  Ijyb (D:2)
  A gnoll bouda (D:8)
  3 iguanas (D:5)
  2 sleepcaps
  Terence (D:2)
  14 orc wizards
  A scorpion zombie (D:4)
  7 hell rats
  2 howler monkey zombies (D:4)
  Robin (D:2)
  14 gnolls
  13 adders
  30 river rats
  5 white imps
  4 dart slugs
  A ribbon worm (D:3)
  59 orcs
  9 ball pythons
  5 endoplasms
  5 giant cockroaches
  25 goblins
  5 hobgoblins
  2 jackals (D:2)
  51 kobolds
  10 quokkas
  6 bats
  3 frilled lizards
  A quokka zombie (D:4)
  46 rats
2026 creatures vanquished.

Vanquished Creatures (others)
  A sphinx (Depths:4)
  A tengu reaver (Vaults:2)
  A protean progenitor (Zot:3)
  A very ugly thing (Depths:3)
  An ironbound thunderhulk (Vaults:3)
  A purple draconian (Zot:5)
  Snorg (D:12)
  2 yaktaur captains
  A hydra (Lair:2)
  An alligator snapping turtle (Shoals:4)
  A centaur warrior (Vaults:1)
  A dancing weapon (Elf:1)
  2 death yaks
  A deep troll shaman (Depths:3)
  3 deep trolls
  A thermic dynamo (Elf:1)
  A lindwurm (Vaults:1)
  A deep elf zephyrmancer (Elf:1)
  A wolf spider (Spider:3)
  A manticore (Shoals:4)
  2 yaktaurs (Vaults:1)
  A tarantella (Spider:4)
  A culicivora (Spider:3)
  A water elemental (Elf:2)
  A wraith (D:10)
  An air elemental (Shoals:4)
31 creatures vanquished.

Grand Total: 2057 creatures vanquished

Notes
Turn   | Place    | Note
-------+----------+-------------------------------------------
     0 | D:1      | whatisthis the Minotaur Gladiator began the quest for the
                  | Orb.
     0 | D:1      | Reached XP level 1. HP: 18/18 MP: 0/0
   185 | D:1      | Reached skill level 1 in Armour
   211 | D:1      | Reached XP level 2. HP: 23/25 MP: 1/1
   382 | D:1      | Reached XP level 3. HP: 27/31 MP: 2/2
   755 | D:2      | Noticed Sigmund
   773 | D:2      | Killed Sigmund
   774 | D:2      | Reached skill level 5 in Polearms
   774 | D:2      | Reached XP level 4. HP: 40/41 MP: 3/3
   774 | D:2      | Reached XP level 5. HP: 46/47 MP: 4/4
   797 | D:2      | Noticed Robin
   816 | D:2      | Killed Robin
   876 | D:2      | Found a runed translucent door.
   877 | D:2      | Noticed Crazy Yiuf
  1017 | D:2      | Noticed an ogre
  1023 | D:2      | Killed an ogre
  1024 | D:2      | Reached skill level 5 in Fighting
  1024 | D:2      | Reached XP level 6. HP: 56/56 MP: 5/5
  1122 | D:2      | Noticed Ijyb
  1135 | D:2      | Killed Ijyb
  1356 | D:2      | Noticed Terence
  1362 | D:2      | Killed Terence
  1825 | D:3      | Found a broken altar of Ashenzari.
  2037 | D:3      | Found a glowing drain.
  2042 | D:3      | Reached XP level 7. HP: 56/61 MP: 6/6
  2046 | Sewer    | Entered a sewer
  2166 | Sewer    | Reached skill level 5 in Armour
  2733 | D:3      | Found a glowing silver altar of Zin.
  2733 | D:3      | Found a sparkling altar of Nemelex Xobeh.
  2741 | D:3      | Found a burning altar of Makhleb.
  2745 | D:3      | Found a sacrificial altar of Ru.
  3673 | D:4      | Reached XP level 8. HP: 71/71 MP: 7/7
  3732 | D:4      | Noticed Edmund
  3748 | D:4      | Killed Edmund
  3791 | D:4      | Noticed Grinder
  3800 | D:4      | Killed Grinder
  4185 | D:4      | Found a basalt altar of Yredelemnul.
  4414 | D:5      | Entered Level 5 of the Dungeon
  4420 | D:5      | Found Xuotuz's Book Emporium.
  4423 | D:5      | Noticed Prince Ribbit
  4450 | D:5      | Killed Prince Ribbit
  4451 | D:5      | Reached XP level 9. HP: 58/82 MP: 8/8
  4491 | D:5      | Noticed Menkaure
  4495 | D:5      | Killed Menkaure
  4561 | D:5      | Found Edwas's Magic Scroll Emporium.
  4574 | D:5      | Noticed Pikel
  4605 | D:4      | Killed Pikel
  4775 | D:5      | Found Lualelops's Antique Armour Emporium.
  4815 | D:5      | Found Wuopy's Jewellery Boutique.
  4879 | D:5      | Found Babba's Jewellery Emporium.
  5226 | D:6      | Found a snail-covered altar of Cheibriados.
  5243 | D:6      | Reached skill level 10 in Polearms
  5280 | D:6      | Found a shadowy altar of Dithmenos.
  6031 | D:3      | Became a worshipper of Ru the Awakened
  6150 | D:7      | Reached skill level 10 in Fighting
  6160 | D:7      | Noticed Duvessa
  6161 | D:7      | Noticed Dowan
  6171 | D:7      | Killed Duvessa
  6225 | D:7      | Killed Dowan
  6378 | D:7      | Reached XP level 10. HP: 94/94 MP: 9/9
  6410 | D:7      | Found a hazy altar of Hepliaklqana.
  6441 | D:7      | Reached skill level 10 in Armour
  6658 | D:7      | Found a glowing golden altar of the Shining One.
  6691 | D:7      | Found a staircase to the Ecumenical Temple.
  6907 | D:7      | Found a bloodstained altar of Trog.
  7615 | D:8      | Gained mutation: You cannot study or use magical devices.
                  | [Ru sacrifice]
  7615 | D:8      | Reached * piety under Ru
  7615 | D:8      | Reached ** piety under Ru
  8196 | D:8      | Noticed a skeletal warrior
  8205 | D:8      | Killed a skeletal warrior
  8404 | D:8      | Identified the ring "Zucref" {EV+5 Str+6}
  9035 | D:9      | Found Vixil's Assorted Antiques.
  9053 | D:9      | Noticed Psyche
  9063 | D:9      | Killed Psyche
  9126 | D:9      | Found a staircase to the Lair.
  9284 | D:9      | Found a hide-covered altar of Uskayaw.
  9308 | D:9      | Noticed Erica
  9324 | D:9      | Killed Erica
  9407 | D:9      | Reached XP level 11. HP: 104/104 MP: 10/10
  9632 | D:9      | Noticed Harold
  9639 | D:9      | Killed Harold
  9739 | D:10     | Entered Level 10 of the Dungeon
  9846 | D:10     | Found a blossoming altar of Fedhas.
  9887 | D:10     | Found a staircase to the Orcish Mines.
  9899 | D:10     | Gained mutation: You cannot train Dodging skill. [Ru
                  | sacrifice]
  9899 | D:10     | Reached *** piety under Ru
  9899 | D:10     | Reached **** piety under Ru
  9967 | D:10     | Noticed Gastronok
  9982 | D:10     | Killed Gastronok
 10101 | D:10     | Noticed a two-headed ogre
 10108 | D:10     | Killed a two-headed ogre
 10288 | D:10     | Found Maka Kep's Jewellery Emporium.
 10333 | D:10     | Noticed an orange crystal statue
 11005 | D:11     | Noticed a two-headed ogre
 11011 | D:11     | Killed a two-headed ogre
 11048 | D:11     | Noticed a two-headed ogre
 11059 | D:11     | Killed a two-headed ogre
 11291 | D:11     | Noticed a two-headed ogre
 11300 | D:11     | Killed a two-headed ogre
 11644 | D:11     | Noticed a cyan ugly thing
 11653 | D:11     | Killed a cyan ugly thing
 11867 | D:11     | Reached XP level 12. HP: 98/116 MP: 11/11
 12276 | Lair:1   | Entered Level 1 of the Lair of Beasts
 12523 | Lair:1   | Found a sparkling altar of Nemelex Xobeh.
 12565 | Lair:1   | Found a gate leading to a gauntlet.
 12589 | Gauntlet | Entered a Gauntlet
 12589 | Gauntlet | Found a transporter.
 12589 | Gauntlet | Found a transporter.
 12633 | Gauntlet | Found a transporter.
 12637 | Gauntlet | Found a transporter.
 12647 | Gauntlet | Found a transporter.
 12651 | Gauntlet | Found a transporter.
 12653 | Gauntlet | Noticed a death yak
 12654 | Gauntlet | Noticed a death yak
 12654 | Gauntlet | Noticed a death yak
 12655 | Gauntlet | Noticed a death yak
 12663 | Gauntlet | Found a transporter.
 12705 | Gauntlet | Found a transporter.
 12705 | Gauntlet | Found a transporter.
 12705 | Gauntlet | Found a transporter.
 12754 | Gauntlet | Found a transporter.
 13195 | Gauntlet | Killed a death yak
 13203 | Gauntlet | Killed a death yak
 13206 | Gauntlet | Killed a death yak
 13209 | Gauntlet | Killed a death yak
 13232 | Gauntlet | Found a transporter.
 13240 | Gauntlet | Noticed a minotaur
 13249 | Gauntlet | Killed a minotaur
 13361 | Lair:1   | Reached skill level 15 in Polearms
 13521 | Lair:1   | Found a runed translucent gate.
 13521 | Lair:1   | Found a runed translucent gate.
 13522 | Lair:1   | Found a runed translucent gate.
 13525 | Lair:1   | Noticed Joejoil's ghost (journeyman DrSu)
 13525 | Lair:1   | Noticed Xocasifu's ghost (journeyman CoGl)
 13885 | Lair:2   | Reached skill level 15 in Fighting
 14003 | Lair:2   | Noticed an eight-headed hydra
 14114 | Lair:2   | Found a hole to the Spider Nest.
 14150 | Lair:2   | Noticed an eight-headed hydra
 14155 | Lair:2   | Killed an eight-headed hydra
 14330 | Lair:2   | Found a frozen archway.
 14486 | Lair:2   | Noticed a five-headed hydra
 14494 | Lair:2   | Killed a five-headed hydra
 14500 | Lair:2   | Identified the +4 trident "Miskekko" {heavy, Str+6 Dex+3}
 14584 | Lair:2   | Reached skill level 15 in Armour
 14612 | Lair:2   | Reached XP level 13. HP: 127/127 MP: 12/12
 16432 | Lair:3   | Found a staircase to the Shoals.
 16735 | Lair:4   | Reached XP level 14. HP: 115/140 MP: 13/13
 16936 | Lair:4   | Noticed Sonja
 16964 | Lair:4   | Killed Sonja
 17421 | Lair:4   | Found a runed translucent gate.
 17421 | Lair:4   | Found a runed translucent gate.
 17421 | Lair:4   | Found a runed translucent gate.
 17421 | Lair:4   | Noticed Krumphau's ghost (journeyman DjIE)
 17792 | Lair:5   | Entered Level 5 of the Lair of Beasts
 18627 | Lair:5   | Found a staircase to the Slime Pits.
 18629 | Lair:5   | Found a viscous altar of Jiyva.
 19520 | Lair:5   | Identified the staff of the Evening {^Fragile rElec rPois
                  | rC+ Int+3 Alchemy}
 19616 | Lair:5   | Identified the +7 trident "Isaelegh" {heavy, rC+ Will++
                  | Str-5}
 20022 | D:12     | Noticed Snorg
 20029 | D:12     | Killed Snorg
 20063 | D:12     | Reached XP level 15. HP: 150/150 MP: 14/14
 20871 | D:13     | Noticed Urug
 20885 | D:13     | Killed Urug
 21440 | D:13     | Gained mutation: You cannot study or cast Air magic. [Ru
                  | sacrifice]
 21440 | D:13     | Gained mutation: You cannot study or cast Hexes magic. [Ru
                  | sacrifice]
 21440 | D:13     | Gained mutation: You cannot study or cast Necromancy magic.
                  | [Ru sacrifice]
 21440 | D:13     | Reached ***** piety under Ru
 21522 | D:13     | Noticed Azrael
 21534 | D:13     | Killed Azrael
 21875 | D:14     | Found a gate to the Vaults.
 22279 | D:14     | Found a sacrificial altar of Ru.
 22301 | D:14     | Identified the +1 helmet of Gluttony {*Corrode rC++ MP+9
                  | Int+3}
 23226 | D:14     | Found Ilemaucs's Blood Bar.
 23322 | D:15     | Entered Level 15 of the Dungeon
 23351 | D:15     | Identified 2 scrolls of acquirement
 23362 | D:14     | Acquired the +1 cloak of a ziggurat {rElec Str+3}
 23363 | D:14     | Acquired the ring "Mumibrel" {rF+ rC+ rN+ Dex-3}
 24626 | D:15     | Found a staircase to the Depths.
 24824 | Orc:1    | Entered Level 1 of the Orcish Mines
 25549 | Orc:2    | Entered Level 2 of the Orcish Mines
 25655 | Orc:2    | Found Loelif's Jewellery Shoppe.
 25923 | Orc:2    | Found a staircase to the Elven Halls.
 25949 | Orc:2    | Found Ydycren's Distillery.
 26219 | Orc:2    | Found Maeloguamo's Antique Weapon Boutique.
 26264 | Orc:2    | Noticed Donald
 26276 | Orc:2    | Killed Donald
 26285 | Orc:2    | Found Ocseg's Antique Armour Shoppe.
 26460 | Orc:2    | Found Kilauni's General Store.
 26472 | Orc:2    | Found Zeil's General Store.
 26472 | Orc:2    | Noticed Rupert
 27074 | Orc:2    | HP: 6/121 [Rupert/+2 great mace of draining (21)]
 27096 | Orc:2    | Killed Rupert
 27376 | Orc:2    | Reached XP level 16. HP: 132/132 MP: 15/15
 28093 | Orc:2    | Found Afece's Book Emporium.
 28093 | Orc:2    | Found Wolip's Antique Armour Shoppe.
 28093 | Orc:2    | Found a one-way gate leading to the halls of Pandemonium.
 28387 | Orc:2    | Bought a potion of lignification for 36 gold pieces
 28387 | Orc:2    | Bought a potion of brilliance for 48 gold pieces
 28387 | Orc:2    | Bought a potion of curing for 36 gold pieces
 28387 | Orc:2    | Bought a potion of invisibility for 96 gold pieces
 28387 | Orc:2    | Bought a potion of curing for 36 gold pieces
 28434 | Orc:2    | Bought a potion of haste for 140 gold pieces
 28436 | Orc:2    | Bought a scroll of identify for 24 gold pieces
 28436 | Orc:2    | Bought a scroll of fear for 48 gold pieces
 28436 | Orc:2    | Bought a scroll of teleportation for 36 gold pieces
 28436 | Orc:2    | Bought a scroll of enchant weapon for 90 gold pieces
 28436 | Orc:2    | Bought 3 boomerangs for 72 gold pieces
 28436 | Orc:2    | Bought a scroll of identify for 24 gold pieces
 28676 | D:5      | Bought an amulet of reflection for 300 gold pieces
 28721 | D:5      | Bought a scroll of blinking for 112 gold pieces
 28721 | D:5      | Bought a scroll of revelation for 112 gold pieces
 28721 | D:5      | Bought a scroll of silence for 142 gold pieces
 28899 | D:9      | Bought a potion of heal wounds for 155 gold pieces
 28899 | D:9      | Bought 2 potions of haste for 620 gold pieces
 28979 | Elf:1    | Entered Level 1 of the Elven Halls
 28983 | Elf:1    | Paralysed by an air elemental for 1 turns
 29681 | Orc:2    | Acquired a manual of Throwing
 30209 | Elf:1    | Gained mutation: You cannot voluntarily change form. [Ru
                  | sacrifice]
 30523 | Elf:1    | Reached skill level 5 in Throwing
 30530 | Elf:1    | Found Kesuam's Armour Shop.
 30861 | Elf:2    | Paralysed by an air elemental for 1 turns
 31236 | Elf:2    | Found Iczij's Distillery.
 31241 | Elf:2    | Bought a potion of curing for 51 gold pieces
 31241 | Elf:2    | Bought a potion of heal wounds for 85 gold pieces
 31241 | Elf:2    | Bought a potion of heal wounds for 85 gold pieces
 31305 | Elf:2    | Found a runed translucent gate.
 31305 | Elf:2    | Found a runed translucent gate.
 31327 | Elf:2    | Found a runed translucent gate.
 31515 | Elf:2    | Identified the +2 chain mail "Xiavagil" {+Inv rElec Dex+5
                  | Stlth+}
 31603 | Elf:2    | Gained mutation: You are clumsy. (Dex -2) [a shining eye]
 31742 | Elf:2    | Found an ancient bone altar of Kikubaaqudgha.
 31794 | Elf:2    | Found Peamaduo's Jewellery Emporium.
 31794 | Elf:2    | Found Xesukic's Book Boutique.
 31795 | Elf:2    | Found Liajusae's Book Boutique.
 32118 | Spider:1 | Entered Level 1 of the Spider Nest
 32385 | Spider:1 | Reached XP level 17. HP: 84/173 MP: 16/16
 33328 | Spider:1 | Identified the +0 ring mail "Qeivaeso" {^Drain rCorr Dex+2
                  | SInv}
 34492 | Spider:2 | Noticed Asterion
 34511 | Spider:2 | Killed Asterion
 36197 | Spider:3 | Gained mutation: You are somewhat inexperienced. (-1 XL)
                  | [Ru sacrifice]
 36197 | Spider:3 | Reached XP level 16. HP: 168/168 MP: 15/15
 36197 | Spider:3 | Reached ****** piety under Ru
 36299 | Spider:4 | Entered Level 4 of the Spider Nest
 36353 | Spider:4 | Found a large runed translucent door.
 36353 | Spider:4 | Found a large runed translucent door.
 36356 | Spider:4 | Noticed octoduck's ghost (adept DjFE)
 36407 | Spider:3 | Reached skill level 10 in Throwing
 37168 | Spider:4 | Killed octoduck's ghost
 37171 | Spider:4 | Identified the +0 plate armour "Ytran" {rN+ Str+4}
 37175 | Spider:4 | Got the Thoughts on Mud
 37912 | Spider:4 | Reached XP level 17. HP: 109/176 MP: 16/16
 38099 | Spider:4 | Got a gossamer rune of Zot
 38294 | Shoals:1 | Entered Level 1 of the Shoals
 38934 | Shoals:1 | Found a runed translucent door.
 38934 | Shoals:1 | Noticed hikkokomori's ghost (adept CoHu)
 39123 | Shoals:2 | Noticed Polyphemus
 39495 | Shoals:2 | Killed Polyphemus
 39737 | Shoals:2 | Found a runed translucent gate.
 39744 | Shoals:2 | Found a runed translucent gate.
 39745 | Shoals:2 | Found a runed translucent gate.
 39746 | Shoals:2 | Noticed Xaxul's ghost (journeyman FeEE)
 39746 | Shoals:2 | Noticed Mungiw's ghost (adept MiBe)
 39746 | Shoals:2 | Noticed Wano's ghost (adept FeSu)
 39746 | Shoals:2 | Noticed Jizeqel's ghost (journeyman OpCj)
 39746 | Shoals:2 | Noticed Ycup's ghost (journeyman MiBe)
 40505 | Shoals:3 | Found Wurchoca's General Store.
 40527 | Shoals:3 | Found a runed translucent door.
 40537 | Shoals:3 | Found a corrupted altar of Lugonu.
 40556 | Shoals:3 | Found a one-way gate to the infinite horrors of the Abyss.
 40650 | Shoals:3 | Found Qit Peije's Specific Store.
 40663 | Shoals:3 | Found Wihi's General Store.
 41790 | Shoals:4 | Entered Level 4 of the Shoals
 41868 | Shoals:4 | Paralysed by an air elemental for 1 turns
 42444 | Shoals:4 | Found a stormy altar of Qazlal.
 42445 | Shoals:4 | Identified the ring of Athruc {Wiz Will+ Dex+3}
 42447 | Shoals:4 | Paralysed by an air elemental for 1 turns
 42465 | Shoals:4 | Paralysed by an air elemental for 1 turns
 42924 | Shoals:4 | Paralysed by an air elemental for 1 turns
 42927 | Shoals:4 | Paralysed by an air elemental for 1 turns
 42985 | Shoals:4 | Paralysed by an air elemental for 1 turns
 42990 | Shoals:4 | Paralysed by an air elemental for 1 turns
 43109 | Shoals:4 | Identified the ring "Udwemiam" {^Contam rElec Will+ Str+3
                  | SInv}
 43239 | Shoals:4 | Identified the +7 quarterstaff of the Assorted Defenders
                  | {vamp, rCorr Dex+5}
 43239 | Shoals:4 | Identified the ring of Wyjeohu {rN+ EV+5 Dex+3}
 43283 | Shoals:4 | Reached XP level 18. HP: 169/188 MP: 17/17
 43665 | Shoals:4 | Got a barnacled rune of Zot
 43668 | Shoals:4 | Identified the +0 hand axe "Odghutof" {holy, rPois Will+}
 43983 | Shoals:4 | Paralysed by an air elemental for 1 turns
 43987 | Shoals:4 | Paralysed by an air elemental for 1 turns
 44104 | Shoals:3 | Bought a scroll of teleportation for 54 gold pieces
 44104 | Shoals:3 | Bought a scroll of teleportation for 54 gold pieces
 44104 | Shoals:3 | Bought a scroll of identify for 36 gold pieces
 44415 | Vaults:1 | Entered Level 1 of the Vaults
 45625 | Vaults:1 | Reached skill level 15 in Throwing
 47517 | Vaults:2 | Noticed Sojobo
 47539 | Vaults:1 | Killed Sojobo
 48151 | Vaults:2 | Reached XP level 19. HP: 198/198 MP: 18/18
 48335 | Vaults:2 | Found a staircase to the Crypt.
 49234 | Vaults:2 | Found the +2 hood of the Assassin {Detect Stab+ Stlth++}
 51875 | Vaults:4 | Identified the +4 plate armour of the Wild Haggis {Str+5
                  | Slay+2}
 52773 | Vaults:4 | Found Aluxzon's Weapon Boutique.
 53497 | Depths:1 | Entered Level 1 of the Depths
 53646 | D:15     | Reached XP level 20. HP: 209/209 MP: 19/19
 53905 | Depths:1 | Found Itoemuat's One-of-a-Kind Books.
 53907 | Depths:1 | Found a one-way gateway to a ziggurat.
 54052 | Depths:1 | Noticed Margery
 54074 | Depths:1 | Killed Margery
 54490 | Depths:1 | Found a gateway to Hell.
 55761 | Depths:2 | Found a transporter.
 56335 | Depths:2 | Identified the +2 flail of Golden Absolution {heavy, rC+
                  | Int+3 Dex+3}
 56549 | Depths:2 | Noticed a juggernaut
 56654 | Depths:2 | Found a transporter.
 57767 | Depths:3 | Got the Codex of the Grounded Tundra
 58726 | Vaults:5 | Entered Level 5 of the Vaults
 58737 | Vaults:5 | Noticed an ancient lich
 58740 | Vaults:5 | Killed an ancient lich
 58764 | Vaults:5 | Reached XP level 21. HP: 190/220 MP: 20/20
 58791 | Vaults:5 | Identified the +5 dagger of Hythry {protect, ^Fragile
                  | +Blink rElec Will+}
 58888 | Vaults:5 | Identified the +1 rapier of Fee Simple {spect, rElec Str+7
                  | Dex+3}
 58929 | Vaults:5 | Noticed a golden dragon
 58943 | Vaults:5 | Killed a golden dragon
 59178 | Vaults:5 | Got a silver rune of Zot
 59322 | Vaults:5 | Identified the +5 longbow of a treasure trove {antimagic,
                  | Fly}
 59400 | Vaults:5 | Noticed a dread lich
 59403 | Vaults:5 | Noticed an ancient lich
 59414 | Vaults:5 | Killed an ancient lich
 59426 | Vaults:5 | Killed a dread lich
 59771 | Vaults:5 | Identified the ring "Moanom" {rF- rCorr AC+4 Int+7 SInv}
 59861 | Vaults:5 | Noticed an ancient lich
 60186 | Vaults:5 | Killed an ancient lich
 60284 | Vaults:5 | Identified the ring "Wofaem" {^Drain rC++ Str+6 Stlth+}
 60354 | Vaults:5 | Identified the +0 plate armour of Ennui {*Corrode +Inv
                  | Dex+3}
 60361 | Vaults:5 | Got the Discourse on Mutated Impulse
 60978 | Vaults:5 | Got the Directory of Beckoning and the Glacier
 61494 | Depths:4 | Entered Level 4 of the Depths
 61501 | Depths:4 | Noticed a golden dragon
 61524 | Depths:3 | Killed a golden dragon
 61525 | Depths:3 | Reached XP level 22. HP: 159/231 MP: 21/21
 61663 | Depths:4 | Found a gate to the Realm of Zot.
 62055 | Zot:1    | Entered Level 1 of the Realm of Zot
 62127 | Zot:1    | Noticed an orb of fire
 62146 | Depths:4 | Killed an orb of fire
 62488 | Zot:1    | Noticed Parghit
 62491 | Zot:1    | Reached skill level 27 in Polearms
 62526 | Zot:1    | Killed Parghit
 63439 | Zot:2    | Reached skill level 27 in Armour
 64260 | Zot:3    | Noticed a curse toe
 64278 | Zot:3    | Killed a curse toe
 65015 | Zot:3    | Noticed a curse toe
 65020 | Zot:3    | Killed a curse toe
 65314 | Zot:4    | Reached XP level 23. HP: 239/239 MP: 22/22
 65756 | Zot:4    | Identified the +2 pair of gloves of Qathuisa {rF- rN++
                  | rCorr}
 65841 | Zot:5    | Entered Level 5 of the Realm of Zot
 66302 | Zot:5    | Noticed an orb of fire
 66311 | Zot:5    | Noticed an ancient lich
 66320 | Zot:5    | Noticed a Killer Klown
 66323 | Zot:5    | Killed an ancient lich
 66329 | Zot:5    | Killed a Killer Klown
 66353 | Zot:5    | Noticed a Killer Klown
 66365 | Zot:5    | Noticed a Killer Klown
 66366 | Zot:5    | Killed an orb of fire
 66367 | Zot:5    | Noticed a Killer Klown
 66368 | Zot:5    | Killed a Killer Klown
 66369 | Zot:5    | Noticed a Killer Klown
 66373 | Zot:5    | Killed a Killer Klown
 66381 | Zot:5    | Killed a Killer Klown
 66389 | Zot:5    | Killed a Killer Klown
 66574 | Zot:5    | Noticed an orb of fire
 66581 | Zot:5    | Killed an orb of fire
 66581 | Zot:5    | Noticed an ancient lich
 66585 | Zot:5    | Noticed a Killer Klown
 66586 | Zot:5    | Noticed a Killer Klown
 66591 | Zot:5    | Killed an ancient lich
 66596 | Zot:5    | Noticed a Killer Klown
 66618 | Zot:5    | Killed a Killer Klown
 66624 | Zot:5    | Killed a Killer Klown
 66638 | Zot:5    | Killed a Killer Klown
 66832 | Zot:5    | Got the Orb of Zot
 67441 | D:$      | Escaped with the Orb!

Illustrated notes

Levels and vault maps discovered:
D:1:      dpeg_cavernosity, layout_basic, minmay_ruptured
D:2:      kennysheep_the_goblin_king, layout_loops_ring,
          kennysheep_generic_room_11, uniq_terence, uniq_crazy_yiuf_cottage,
          uniq_sigmund, uniq_robin
D:3:      layout_basic, mainiacjoe_overflow_paths,
          nicolae_overflow_macrodata_refinement, serial_curves, eino_curves_01,
          eino_curves_02, gup_sewer_entry_bubbles, nicolae_grassy_gnolls
D:4:      layout_basic, lemuel_mausoleum_altar_yredelemnul, chequers_big_river,
          uniq_edmund, uniq_grinder
D:5:      layout_basic, serial_shops, shop, nicolae_shop_crystal, shop,
          nicolae_stop_n_shop_1, kennysheep_little_box, uniq_menkaure,
          uniq_prince_ribbit1, uniq_pikel
D:6:      layout_loops_cross, chequers_temple_overflow_statue_of_worship
D:7:      layout_loops_ring, tso_oasis_becter, mainiacjoe_overflow_alcove_1,
          mainiacjoe_overflow_boulevard, minmay_temple_entry_hall,
          minmay_gold_behind_fungi, hangedman_decor_clover_reticule,
          uniq_duvessa
D:8:      lemuel_ice_spiral_2, layout_basic, kennysheep_just_a_vault
D:9:      layout_basic, nicolae_uskayaw_dance_hall, dpeg_oklobed_lair,
          serial_shops, nicolae_shop_temple_entry_statues_fountains,
          kennysheep_pointless_box, uniq_psyche, uniq_harold, uniq_erica
D:10:     layout_basic, lemuel_crystal_altar, orc_0_dummy,
          minmay_shop_enchanted_jewellery, minmay_protected_statue,
          uniq_gastronok
D:11:     layout_irregular_city
D:12:     layout_basic, uniq_snorg
D:13:     layout_gridville, uniq_urug, uniq_azrael
D:14:     layout_irregular_city, david_vaults_2,
          nicolae_ru_sacrificial_ziggurat, guppyfry_shop_blood
D:15:     gammafunk_enter_depths_forms, layout_loops_ring, nicolae_wwwww
Lair:1:   layout_cave_pods, gauntlet_entry_generic, basic_altar,
          gammafunk_ghost_cemetery
Lair:2:   lemuel_ratsnest, layout_loops_ring, dummy_spider_entry,
          portal_ice_cave_rime, grunt_megastairs_5, lemuel_fruit_tree
Lair:3:   nzn_winding_woodlands_three_and_one
          [nzn_winding_woodlands_5x15_crooked, nzn_winding_woodlands_5x15_pool,
          nzn_winding_woodlands_5x15_sidewinder,
          nzn_winding_woodlands_center_lodge], layout_big_grid,
          mainiacjoe_shoals_entry_four_pools, kennysheep_abandoned_house
Lair:4:   layout_misc_corridors, ebering_ghost_rock_garden, uniq_sonja
Lair:5:   grunt_lair_end_beastmaster, layout_regular_city, slime_entry_1,
          minmay_lair_oklob_items, serial_bayou_crossing
Shoals:1: layout_shoals, ebering_ghost_reflecting_pool
Shoals:2: layout_shoals, gammafunk_ghost_cemetery, uniq_polyphemus
Shoals:3: layout_shoals, nicolae_specific_store, nicolae_take_the_stairs,
          nicolae_shoals_abyss_on_the_beach
Shoals:4: shoals_end_hellmonk_storm_palace [storm_palace_center_square,
          storm_palace_corner_grid, storm_palace_corner_grid,
          storm_palace_corner_blocked, storm_palace_corner_altar]
Spider:1: layout_chambers, worms_lemuel
Spider:2: layout_chambers, uniq_asterion
Spider:3: layout_spider_delve
Spider:4: spider_rune_water, ebering_ghost_disaster_area,
          nicolae_spider_checkerboard
Orc:1:    layout_caves
Orc:2:    pf_orc_diabolical, layout_caves, serial_shops,
          nicolae_shop_getting_attention, shop, nicolae_shop_hallway_plus, shop,
          uniq_donald, uniq_rupert
Elf:1:    elf_arrival_002, layout_gridlike, serial_shops, shop,
          nicolae_elf_blasts_and_bolts, minivault_14
Elf:2:    nicolae_elf_blades_splatter_lattice [nicolae_blade_entry_pointy_end],
          layout_geoelf_octagon, basic_altar, serial_shops,
          nicolae_shop_waterfront, minmay_shop_grove
Vaults:1: grunt_vaults_swirl, nicolae_vaults_big_ls, v_pattern_1,
          hangedman_vaults_stream, vaults_mumra_hex, nicolae_vaults_rhombus_6,
          v_misc_12, vaults_room_door_ring, layout_vaults_omnigrid
Vaults:2: vaults_room_pools, st_eye, vaults_mumra_hexcomb, v_misc_25,
          grunt_vaults_funnel, minmay_crypt_entry_simple_corners,
          nicolae_vaults_tetromino_L_2, v_misc_5, layout_vaults_chaotic_city,
          uniq_sojobo
Vaults:3: nicolae_vaults_shrinking_rooms_1, hangedman_vaults_snaps,
          v_alt_pattern_1, vaults_dpeg_ring, dpeg_vaults_monster_row,
          minmay_orc_keep, nicolae_vaults_stepped_doors, hangedman_vaults_trim,
          nicolae_vaults_double_plus_2, nicolae_vaults_trapezoid_lopsided_3,
          st_more_cells, layout_vaults_omnicross
Vaults:4: st_lines, v_misc_18, v_alt_pattern_1,
          nicolae_vaults_diagonal_hallway_6, ontoclasm_vaults_ring_square,
          nicolae_vaults_angled_halls, nicolae_vaults_taking_the_gang_shopping,
          dpeg_vaults_monster_box, nicolae_vaults_tetromino_Z_2,
          nicolae_vaults_circle_grid_b, nicolae_vaults_wrenched, v_misc_16,
          layout_vaults_omnibox
Vaults:5
Depths:1: layout_cave_pools, enter_ziggurat_b, grunt_metal_band,
          statue_in_the_mist_lemuel, small_chamber_with_monster,
          nicolae_rare_books, kilobyte_mutagenic_chamber
Depths:2: emtedronai_trogs_sanctum, layout_cave_pools, rand_demon_pan_entry_4,
          kennysheep_nondescript, abyss_entry_crystal,
          grunt_hell_entry_dis_grunt
Depths:3: minmay_the_grid_octo_tiled_octocenter [minmay_the_grid_octo_toaster,
          minmay_the_grid_octo_teeth, minmay_the_grid_octo_chip,
          minmay_the_grid_octo_fan_narrow,
          minmay_the_grid_octo_prize_single_spiral,
          minmay_the_grid_square_5x5_longway,
          minmay_the_grid_square_5x5_sharp_hourglass,
          minmay_the_grid_square_5x5_tetrominoes,
          minmay_the_grid_square_5x5_doubleslash], layout_cave_shapes,
          hell_entry, nicolae_twisting_strands, abyss_entry_glasseish,
          firewood_loft
Depths:4: evilmike_zot_entry_basic, layout_cross, hell_entry,
          nicolae_concentric_dashed_squares_wild, uniq_margery
Zot:1:    layout_basic, grunt_megastairs_2, uniq_parghit
Zot:2:    layout_concentric_octagons
Zot:3:    layout_basic, grunt_megastairs_4
Zot:4:    layout_basic, st_small_dragon_hoard_5
Zot:5:    layout_misc_corridors, grunt_megastairs_3

Skill      XL: |  1  2  3  4  5  6  7  8  9 10 11 12 13 14 15 16 17 18 19 20 21 22 23 |
---------------+----------------------------------------------------------------------+-----
Armour         | 1 3 4 6 8 9 11 13 15 16 18 19 20 22 23 24 25 26 27 | 27.0
Polearms       | 4 5 6 7 9 10 12 13 15 17 18 19 22 23 24 25 26 27 | 27.0
Fighting       | 3 4 5 6 8 10 12 13 15 17 18 20 22 23 24 25 26 | 26.9
Dodging        | 0 |  0.0
Throwing       | 11 14 15 16 17 19 21 25 | 25.2

Action                     |  1- 3 |  4- 6 |  7- 9 | 10-12 | 13-15 | 16-18 | 19-21 | 22-24 || total
---------------------------+-------+-------+-------+-------+-------+-------+-------+-------++-------
  Melee: Trident           |    54 |       |       |    31 |  1056 |  1910 |  1357 |   136 ||  4544
         Headbutt          |     2 |    24 |    67 |   137 |   279 |   420 |   398 |   137 ||  1464
         Halberd           |       |   118 |   377 |   602 |       |       |       |       ||  1097
         Dagger            |       |       |       |    48 |       |       |       |       ||    48
         Glaive            |       |       |       |       |       |       |       |   413 ||   413
  Throw: Dart              |     5 |       |    32 |    16 |    34 |     7 |     1 |     5 ||   100
         Throwing net      |     3 |     1 |       |       |     6 |     2 |     1 |       ||    13
         Javelin           |       |       |       |       |     2 |     8 |     7 |    21 ||    38
         Boomerang         |       |       |       |       |       |    78 |   110 |   201 ||   389
 Invoke: Sacrifice Artific |       |       |       |     1 |       |       |       |       ||     1
         Sacrifice Nimblen |       |       |       |     1 |       |       |       |       ||     1
         Draw Out Power    |       |       |       |     1 |       |       |       |     1 ||     2
         Power Leap        |       |       |       |       |     3 |     2 |     2 |     1 ||     8
         Reject Sacrifices |       |       |       |       |     1 |       |       |       ||     1
         Sacrifice Arcana  |       |       |       |       |     1 |       |       |       ||     1
         Sacrifice Experie |       |       |       |       |       |     1 |       |       ||     1
         Sacrifice Forms   |       |       |       |       |       |     1 |       |       ||     1
         Apocalypse        |       |       |       |       |       |       |       |     2 ||     2
    Use: Scroll            |       |       |     7 |     3 |    16 |    12 |     2 |    19 ||    59
         Potion            |       |       |       |     2 |       |       |     7 |    23 ||    32
   Stab: Invisible         |       |       |       |     4 |     4 |    16 |    13 |     7 ||    44
         Distracted        |       |       |       |       |     2 |     7 |     9 |     4 ||    22
         Paralysed         |       |       |       |       |       |     4 |     1 |     6 ||    11
         Held in net/web   |       |       |       |       |       |     2 |     1 |       ||     3
         Confused          |       |       |       |       |       |       |     2 |       ||     2
 Armour: Leather armour    |    32 |    25 |       |       |       |       |       |       ||    57
         Chain mail        |       |    44 |   328 |   186 |       |       |       |       ||   558
         Plate armour      |       |       |       |   262 |   786 |  1571 |  1036 |   175 ||  3830
         Gold dragon scale |       |       |       |       |       |       |       |   650 ||   650
  Dodge: Dodged            |    35 |    63 |   178 |   356 |   543 |   752 |   490 |   321 ||  2738
         Repelled          |       |       |       |    16 |    41 |     5 |       |       ||    62
  Block: Kite shield       |       |       |       |       |   205 |  1045 |   627 |    40 ||  1917
         Reflection        |       |       |       |       |       |    63 |    40 |       ||   103

Table legend: (Time is in decaauts)
 A = Elapsed time spent in this place.
 B = Non-inter-level travel time spent in this place.
 C = Inter-level travel time spent in this place.
 D = Time resting spent in this place.
 E = Time spent auto-exploring this place.
 F = Levels seen in this place.
 G = Mean time per level.
                   A        B        C        D        E       F      G
               +--------+--------+--------+--------+--------+-----+--------+
         Total |  67398 |  63152 |   4246 |  14797 |  28456 |  48 | 1404.1 |
       Dungeon |  18871 |  16921 |   1950 |   2789 |  10503 |  15 | 1258.1 |
          Lair |   6976 |   6600 |    376 |   1086 |   3572 |   5 | 1395.2 |
        Shoals |   5928 |   5715 |    213 |   2445 |    891 |   4 | 1482.0 |
   Spider Nest |   6137 |   5874 |    263 |   1019 |   3124 |   4 | 1534.2 |
  Orcish Mines |   3972 |   3775 |    197 |   1825 |    886 |   2 | 1986.0 |
   Elven Halls |   2560 |   2378 |    182 |    505 |   1218 |   2 | 1280.0 |
        Vaults |  11377 |  10723 |    654 |   2600 |   4627 |   5 | 2275.4 |
        Depths |   5556 |   5317 |    239 |   1923 |   1196 |   4 | 1389.0 |
           Zot |   4670 |   4500 |    170 |    274 |   1907 |   5 |  934.0 |
         Sewer |    658 |    658 |      0 |     51 |    365 |   1 |  658.0 |
      Gauntlet |    689 |    689 |      0 |    277 |    167 |   1 |  689.0 |
               +--------+--------+--------+--------+--------+-----+--------+

Top non-repeatable levels by time:
Vaults:1: 3001 daAuts
Vaults:3: 2546 daAuts
Vaults:5: 2467 daAuts
   Orc:2: 2301 daAuts
Shoals:4: 2108 daAuts
Vaults:2: 2100 daAuts
  Lair:5: 2010 daAuts
Depths:3: 1908 daAuts
    D:14: 1905 daAuts
     D:8: 1891 daAuts
    D:15: 1855 daAuts
Depths:1: 1840 daAuts
    D:10: 1836 daAuts
Spider:2: 1725 daAuts
Spider:4: 1716 daAuts
